 Dungeon Crawl Stone Soup version 0.31-a0-859-g9dce7d3444 (webtiles) character file.

Game seed: 13874796095747263299

7466 zero the Fighter (level 11, -3/76 HPs)
             Began as a Gargoyle Berserker on Oct 9, 2023.
             Was an Elder of Trog.
             Slain by a two-headed ogre
             ... wielding a +0 giant spiked club
              (12 damage)
             ... on level 8 of the Dungeon.
             The game lasted 00:07:04 (7762 turns).

zero the Fighter (Gargoyle Berserker)               Turns: 7762, Time: 00:07:04

Health: -3/76      AC: 19    Str: 30    XL:     11   Next: 15%
Magic:  11/11      EV: 17    Int: 11    God:    Trog [****..]
Gold:   539        SH:  0    Dex:  9    Spells: 10/10 levels left

rFire   . . .        o - +0 war axe
rCold   . . .        (no shield)
rNeg    + . .        g - +0 leather armour "Myewuv" {Str+5 Int+3}
rPois   ∞            c - +0 helmet
rElec   +            C - +0 cloak
rCorr   .            (no gloves)
SInv    .            v - +0 pair of boots
Will    ++...        (no amulet)
Stlth   +            k - +4 ring of protection
HPRegen 1.32/turn    y - +5 ring of evasion
MPRegen 0.12/turn

%: no passive effects
@: strong-willed, on berserk cooldown, regenerating, slowed, very slow
A: sickness immunity, AC +8, negative energy resistance 1, electricity
resistance, torment resistance 1, petrification resistance
a: Renounce Religion, Berserk, Trog's Hand, Brothers in Arms


You were on level 8 of the Dungeon.
You worshipped Trog.
Trog was greatly pleased with you.
You visited 1 branch of the dungeon, and saw 8 of its levels.

You collected 539 gold pieces.

Inventory:

Hand Weapons
 o - a +0 war axe (weapon)
Armour
 c - a +0 helmet (worn)
 g - the +0 leather armour "Myewuv" (worn) {Str+5 Int+3}
   (You took it off a hobgoblin on level 2 of the Dungeon)

   Str+5:     It affects your strength (+5).
   Int+3:     It affects your intelligence (+3).
 v - a +0 pair of boots (worn)
 C - a +0 cloak (worn)
Jewellery
 k - a +4 ring of protection (left hand)
 y - a +5 ring of evasion (right hand)
Wands
 f - a wand of flame (38)
 u - a wand of mindburst (38)
 B - a wand of paralysis (8)
Scrolls
 b - a scroll of noise {unknown}
 d - a scroll of immolation {unknown}
 e - 5 scrolls of enchant weapon {unknown}
 i - a scroll of fear {unknown}
 j - 5 scrolls of identify {unknown}
 l - 6 scrolls of teleportation {unknown}
 n - 3 scrolls of enchant armour {unknown}
 p - a scroll of blinking {unknown}
Potions
 a - a potion of lignification {unknown}
 h - a potion of might {unknown}
 m - 2 potions of brilliance {unknown}
 q - a potion of attraction {unknown}
 r - a potion of ambrosia {unknown}
 s - 3 potions of curing {unknown}
 t - 2 potions of degeneration {unknown}
 w - a potion of enlightenment {unknown}
 x - 2 potions of berserk rage {unknown}
 z - a potion of heal wounds {unknown}
 A - a potion of haste {unknown}


   Skills:
 + Level 11.9 Fighting
 + Level 10.7 Axes
 + Level 5.1 Armour
 + Level 3.8 Dodging
 - Level 3.0 Evocations


You had 10 spell levels left.
You didn't know any spells.
Your spell library was empty.

Dungeon Overview and Level Annotations

Branches:
Dungeon (8/15)             Temple (0/1) D:7            Lair (0/5) D:8

Altars:
Ashenzari
Dithmenos
Fedhas
Hepliaklqana
Okawaru
Qazlal
Sif Muna
Trog
Vehumet
The Shining One


Innate Abilities, Weirdness & Mutations

You are immune to sickness and miasma.
Your stone body is resilient. (AC +8)
You are immune to poison.
You resist negative energy. (rN+)
You are resistant to electric shocks. (rElec)
You are resistant to unholy torment.
You are immune to petrification.


Message History

The gnoll bouda barely misses you.
Okay, then.
You barely miss the two-headed ogre.
The two-headed ogre is severely wounded.
You hit the gnoll bouda.
You hit the orc warrior but do no damage.
The orc warrior closely misses you. The gnoll bouda barely misses you.
The orc warrior hits you but does no damage.
The two-headed ogre hits you but does no damage.
The two-headed ogre misses you.
You completely miss the two-headed ogre.
The two-headed ogre is severely wounded.
You hit the orc warrior but do no damage.
You hit the gnoll bouda but do no damage.
Your attacks no longer feel as feeble.
The gnoll bouda completely misses you. The orc warrior barely misses you.
The two-headed ogre hits you with a +0 giant spiked club.
* * * LOW HITPOINT WARNING * * *
The two-headed ogre barely misses you. The gnoll bouda closely misses you.
You fail to use your ability.
The orc warrior hits you but does no damage.
The gnoll bouda barely misses you. The orc warrior closely misses you.
The two-headed ogre misses you. x2
Your skin crawls.
You feel strong-willed. The gnoll bouda misses you.
The orc warrior completely misses you. The two-headed ogre misses you.
The two-headed ogre barely misses you.
The gnoll bouda hits you with a +0 club.
* * * LOW HITPOINT WARNING * * *
You barely miss the two-headed ogre.
The two-headed ogre is severely wounded.
You barely miss the orc warrior. You slash the gnoll bouda!
The orc warrior barely misses you.
The gnoll bouda hits you but does no damage.
The orc warrior hits you with a +2 short sword of draining.
* * * LOW HITPOINT WARNING * * *
The two-headed ogre hits you with a +0 giant spiked club.
* * * LOW HITPOINT WARNING * * *
The two-headed ogre hits you with a +0 giant spiked club!
You die...

######### ....~###...
.......
#...≈#=...####....#
##...~#....#..#?gOo# .#
.....≈#....#..##'@##..#
....~~#..g.#....).....#
.....~######..~...~...#
.....~~~~~≈≈~~)~..~≈~~~≈~
.......)......)....~~.~~≈
...........####..........
...........# #.........♣
...........# #..........
.####......##+#..........


You could see a two-headed ogre, an orc warrior and a gnoll bouda.

Vanquished Creatures
  2 two-headed ogres
  Maurice (D:8)
  A merfolk (D:8)
  Prince Ribbit (D:6)
  A wraith (D:8)
  5 yaks
  2 hogs (D:8)
  Grum (D:8)
  2 steam dragons
  Menkaure (D:4)
  2 black bears
  2 ice beasts
  3 sky beasts
  3 ogres (D:6)
  4 wolves (D:8)
  4 centaurs
  3 kobold brigands
  A phantom (D:6)
  7 bullfrogs
  6 killer bees (D:8)
  6 electric eels (D:8)
  3 howler monkeys (D:7)
  A hound (D:5)
  8 orc priests
  A gnoll bouda (D:8)
  A jelly (D:6)
  A sleepcap (D:7)
  4 iguanas
  Ijyb (D:5)
  8 orc wizards
  11 gnolls
  10 adders
  2 shadow imps
  4 white imps
  An ufetubus (D:6)
  2 worms
  2 dart slugs
  32 orcs
  2 bats
  9 endoplasms
  A giant cockroach (D:2)
  4 goblins
  6 hobgoblins
  2 quokkas
  2 ball pythons
  6 frilled lizards
  16 kobolds
  5 rats
  A spectral hobgoblin (D:3)
204 creatures vanquished.

Vanquished Creatures (others)
  A kobold (D:8)
1 creature vanquished.

Grand Total: 205 creatures vanquished

Notes
Turn   | Place    | Note
-------+----------+-------------------------------------------
     0 | D:1      | zero the Gargoyle Berserker began the quest for the Orb.
     0 | D:1      | Reached XP level 1. HP: 14/14 MP: 1/1
   250 | D:1      | Reached XP level 2. HP: 3/19 MP: 2/2
   732 | D:2      | Found a faded altar of an unknown god.
   800 | D:2      | Identified the +0 leather armour "Myewuv" {Str+5 Int+3}
   958 | D:2      | Reached ** piety under Trog
   961 | D:2      | Reached XP level 3. HP: 23/24 MP: 3/3
  1000 | D:2      | Reached skill level 4 in Fighting
  1444 | D:3      | Reached XP level 4. HP: 29/29 MP: 4/4
  1665 | D:3      | Reached XP level 5. HP: 32/34 MP: 5/5
  1682 | D:3      | Noticed a kobold brigand
  1715 | D:3      | Noticed a kobold brigand
  1725 | D:3      | Killed a kobold brigand
  1729 | D:3      | Killed a kobold brigand
  1730 | D:3      | Reached skill level 5 in Fighting
  1730 | D:3      | Reached skill level 5 in Axes
  1730 | D:3      | Reached XP level 6. HP: 8/40 MP: 6/6
  2016 | D:3      | Found a hazy altar of Hepliaklqana.
  2352 | D:3      | Found a glowing golden altar of the Shining One.
  2375 | D:3      | Found an iron altar of Okawaru.
  2527 | D:4      | Reached *** piety under Trog
  2532 | D:4      | Reached XP level 7. HP: 19/45 MP: 7/7
  2647 | D:4      | Found a shadowy altar of Dithmenos.
  2927 | D:4      | Reached skill level 6 in Fighting
  3025 | D:4      | Found a radiant altar of Vehumet.
  3026 | D:4      | Found a bloodstained altar of Trog.
  3077 | D:4      | Found a shimmering blue altar of Sif Muna.
  3101 | D:4      | Noticed Menkaure
  3111 | D:4      | Killed Menkaure
  3193 | D:5      | Entered Level 5 of the Dungeon
  3193 | D:5      | Noticed Ijyb
  3205 | D:5      | Killed Ijyb
  3484 | D:5      | Reached XP level 8. HP: 39/52 MP: 8/8
  3598 | D:5      | Reached skill level 7 in Fighting
  3989 | D:6      | Noticed a two-headed ogre
  4001 | D:6      | Killed a two-headed ogre
  4002 | D:6      | Reached skill level 8 in Fighting
  4127 | D:6      | Noticed Prince Ribbit
  4132 | D:6      | Found a broken altar of Ashenzari.
  4277 | D:6      | Killed Prince Ribbit
  4278 | D:6      | Reached skill level 9 in Fighting
  4278 | D:6      | Reached XP level 9. HP: 23/60 MP: 9/9
  4932 | D:6      | Found a stormy altar of Qazlal.
  5355 | D:7      | Found a blossoming altar of Fedhas.
  5420 | D:7      | Reached skill level 10 in Fighting
  5460 | D:7      | Reached XP level 10. HP: 36/68 MP: 10/10
  5778 | D:7      | Reached skill level 11 in Fighting
  5778 | D:7      | Reached skill level 10 in Axes
  5811 | D:7      | Found a staircase to the Ecumenical Temple.
  6212 | D:8      | Found a staircase to the Lair.
  6232 | D:8      | Reached skill level 1 in Evocations
  6639 | D:8      | Noticed Grum
  6658 | D:8      | Killed Grum
  6875 | D:8      | Reached **** piety under Trog
  6920 | D:8      | Paralysed by an orc for 2 turns
  7329 | D:8      | Noticed Maurice
  7340 | D:8      | Maurice stole a +5 ring of evasion
  7341 | D:8      | Maurice stole 461 gold
  7354 | D:8      | Killed Maurice
  7416 | D:8      | Reached XP level 11. HP: 70/76 MP: 11/11
  7485 | D:8      | Noticed a two-headed ogre
  7495 | D:8      | Killed a two-headed ogre
  7496 | D:8      | Reached skill level 5 in Armour
  7750 | D:8      | Noticed a two-headed ogre
  7762 | D:8      | Slain by a two-headed ogre

Illustrated notes

Levels and vault maps discovered:
D:1:      tarquinn_simple_flora_water_f, layout_basic, st_stairs_8
D:2:      layout_basic, ebering_ecumenical_altar_box, minmay_unequal
D:3:      cheibrodos_thug_alley, layout_basic, okawaru_altar_gauntlet_db,
          nicolae_hepliaklqana_monster_ancestors, tso_altar
D:4:      layout_rooms, marbit_many_paths, grunt_temple_overflow_open,
          grunt_dithmenos_smoke_and_mirrors, minmay_misc_feat_nine_boxes,
          minivault_1, minmay_misc_feat_tower, uniq_menkaure
D:5:      layout_gridville, minmay_misc_feat_pillars, uniq_ijyb
D:6:      layout_loops_ring, mainiacjoe_overflow_cross_hatched,
          cheibrodos_ashenzari_chains, uniq_prince_ribbit1
D:7:      layout_basic, mainiacjoe_overflow_boulevard,
          minmay_temple_entry_statues_pillars
D:8:      kennysheep_town, uniq_grum, uniq_maurice

Skill      XL: |  1  2  3  4  5  6  7  8  9 10 11 |
---------------+----------------------------------+-----
Axes           | 3 4 5 6 8 9 10 | 10.7
Fighting       | 4 5 6 9 10 11 | 11.9
Evocations     | 3 |  3.0
Dodging        | 3 |  3.8
Armour         | 4 5 |  5.1

Action                     |  1- 3 |  4- 6 |  7- 9 | 10-12 || total
---------------------------+-------+-------+-------+-------++-------
  Melee: Hand axe          |   133 |     9 |       |       ||   142
         Punch             |     1 |       |     8 |     1 ||    10
         War axe           |       |   119 |   223 |   219 ||   561
 Invoke: Berserk           |       |     3 |     5 |     7 ||    15
         Trog's Hand       |       |       |     1 |     2 ||     3
 Armour: Animal skin       |    31 |       |       |       ||    31
         Leather armour    |    35 |   144 |   192 |   291 ||   662
  Dodge: Dodged            |    72 |    83 |   133 |   206 ||   494

Table legend: (Time is in decaauts)
 A = Elapsed time spent in this place.
 B = Non-inter-level travel time spent in this place.
 C = Inter-level travel time spent in this place.
 D = Time resting spent in this place.
 E = Time spent auto-exploring this place.
 F = Levels seen in this place.
 G = Mean time per level.
                   A        B        C        D        E       F      G
               +--------+--------+--------+--------+--------+-----+--------+
         Total |   7963 |   7769 |    194 |   2132 |   4173 |   8 |  995.4 |
       Dungeon |   7963 |   7769 |    194 |   2132 |   4173 |   8 |  995.4 |
               +--------+--------+--------+--------+--------+-----+--------+

Top non-repeatable levels by time:
     D:7: 1281 daAuts
     D:8: 1278 daAuts
     D:6: 1230 daAuts
     D:3: 1026 daAuts
     D:5: 885 daAuts
     D:4: 832 daAuts
     D:2: 727 daAuts
     D:1: 701 daAuts
